 Dungeon Crawl Stone Soup version 0.28-a0-1493-g08698888e4 (webtiles) character file.

Game seed: 10798541166034812254

62 parzival7114810 the Skirmisher (level 4, -2/41 HPs)
             Began as a Hill Orc Fighter on Jan 12, 2022.
             Slain by a gnoll (3 damage)
             ... on level 2 of the Dungeon.
             The game lasted 00:05:16 (2607 turns).

parzival7114810 the Skirmisher (Hill Orc Fighter)   Turns: 2607, Time: 00:05:17

Health: -2/41      AC:  7    Str: 20    XL:     4   Next: 8%
Magic:  4/4        EV:  9    Int:  8    God:
Gold:   104        SH:  4    Dex: 10    Spells: 3/3 levels left

rFire   . . .      SeeInvis .   a - +0 war axe
rCold   . . .      Faith    .   c - +0 buckler
rNeg    . . .      Spirit   .   b - +0 scale mail
rPois   .          Reflect  .   (no helmet)
rElec   .          Harm     .   (no cloak)
rCorr   .          Rampage  .   (no gloves)
Will    .....                   (no boots)
Stlth   ..........              (no amulet)
HPRegen 0.13/turn               (no ring)
MPRegen 0.09/turn               (no ring)

@: no status effects
A: no striking features
a: no special abilities


You were on level 2 of the Dungeon.
You visited 1 branch of the dungeon, and saw 2 of its levels.

You collected 104 gold pieces.

Inventory:

Hand Weapons
 a - a +0 war axe (weapon)
Armour
 b - a +0 scale mail (worn)
 c - a +0 buckler (worn)
Scrolls
 d - a scroll of identify
Potions
 e - a potion of curing


   Skills:
 + Level 4.3 Fighting
 + Level 3.9 Axes
 + Level 4.0 Armour
 + Level 0.3 Dodging
 + Level 3.3 Shields


You had 3 spell levels left.
You didn't know any spells.
Your spell library contained the following spells:

 Spells                   Type           Power      Damage    Failure   Level
 Apportation              Tloc           0%         N/A       85%         1


Dungeon Overview and Level Annotations

Branches:
Dungeon (2/15)

Altars:

Shops:
D:2 ?


Message History

The gnoll hits you with a +0 spear. x2; The gnoll hits you but does no damage.
The gnoll barely misses you.
You closely miss the gnoll. x4; You block the gnoll's attack.
The gnoll hits you with a +0 spear. The gnoll closely misses you.
The gnoll hits you with a +0 club. The gnoll hits you but does no damage.
You slash the gnoll!
The gnoll is severely wounded.
You closely miss the gnoll. You hit the gnoll but do no damage.
You barely miss the gnoll. The gnoll hits you with a +0 spear.
You block the gnoll's attack. The gnoll hits you with a +0 spear. x2
* * * LOW HITPOINT WARNING * * *
The gnoll hits you but does no damage.
You hit the gnoll.
You kill the gnoll!
You hit the gnoll but do no damage. You slash the gnoll! You hit the gnoll.
The gnoll completely misses you. The gnoll hits you but does no damage.
The gnoll hits you with a +0 spear.
* * * LOW HITPOINT WARNING * * *
The gnoll barely misses you.
Your Armour skill increases to level 4!
You have reached level 4!
As you read the scroll labelled SINEMA WIUMNAU, it crumbles to dust.
It is a scroll of identify.
e - a potion of curing The gnoll hits you but does no damage.
The gnoll hits you with a +0 spear.
* * * LOW HITPOINT WARNING * * *
The gnoll hits you but does no damage.
Found a potion of might.
The gnoll barely misses you. The gnoll closely misses you.
You closely miss the gnoll. You hit the gnoll but do no damage.
The gnoll hits you from afar with a +0 spear.
* * * LOW HITPOINT WARNING * * *
The gnoll hits you with a +0 spear.
* * * LOW HITPOINT WARNING * * *
The gnoll hits you but does no damage. The gnoll closely misses you.
The gnoll closely misses you. The gnoll barely misses you.
The gnoll hits you with a +0 club.
* * * LOW HITPOINT WARNING * * *
The gnoll hits you from afar with a +0 spear.
You die...

.........# #...
.#.............####...
..!....#.####........
......#.# #.####...
.....#.####.#####.. #
....#..........#..
##.####...#..........†..
..........#.............
.......@..#.####.##.....
.......gg.#.####.##.....
.......)g......#.###.#.#
..........#......# #.#.#
.......######...## ..#.#
....... #...# .#.#.#
....... #..## #.#
##..... ##..# #.....
#...#


You could see 3 gnolls.

Vanquished Creatures
  A gnoll (D:2)
  An adder (D:2)
  A worm (D:2)
  5 endoplasms
  A giant cockroach (D:2)
  5 goblins
  2 hobgoblins (D:2)
  4 kobolds
  A quokka (D:1)
  6 ball pythons
  5 bats
  3 frilled lizards
  5 rats
40 creatures vanquished.

Notes
Turn   | Place    | Note
-------+----------+-------------------------------------------
     0 | D:1      | parzival7114810 the Hill Orc Fighter began the quest for
                  | the Orb.
     0 | D:1      | Reached XP level 1. HP: 19/19 MP: 1/1
   288 | D:1      | Reached XP level 2. HP: 3/27 MP: 2/2
   800 | D:1      | Found a faded altar of an unknown god.
   818 | D:1      | Got Plato's Disquisition on the Compass
  1797 | D:2      | Reached XP level 3. HP: 33/33 MP: 3/3
  1847 | D:2      | Found Rocudgh's Magic Scroll Shoppe.
  2603 | D:2      | Reached XP level 4. HP: 7/41 MP: 4/4
  2605 | D:2      | HP: 2/41 [gnoll (1)]
  2607 | D:2      | Slain by a gnoll

Illustrated notes

Levels and vault maps discovered:
D:1:      dpeg_arrival_shelter, layout_basic,
          shapermc_ecumenical_altar_rom_forum, feat_on_display
D:2:      layout_basic, serial_shops, nicolae_shop_stone,
          minmay_misc_feat_alley, minmay_3d_cube

Skill      XL: |  1  2  3 |
---------------+----------+-----
Fighting       | 4 |  4.3
Axes           | 3 |  3.9
Armour         | 4 |  4.0
Dodging        | |  0.3
Shields        | |  3.3

Action                   |  1- 3 |  4- 6 || total
-------------------------+-------+-------++-------
Melee: War axe           |    82 |     1 ||    83
  Use: Potion            |     4 |       ||     4
       Scroll            |       |     1 ||     1
Armor: Scale mail        |    82 |     3 ||    85
Dodge: Dodged            |    77 |     5 ||    82
Block: Buckler           |    26 |       ||    26

Table legend: (Time is in decaauts)
 A = Elapsed time spent in this place.
 B = Non-inter-level travel time spent in this place.
 C = Inter-level travel time spent in this place.
 D = Time resting spent in this place.
 E = Time spent auto-exploring this place.
 F = Levels seen in this place.
 G = Mean time per level.
                   A        B        C        D        E       F      G
               +--------+--------+--------+--------+--------+-----+--------+
         Total |   2637 |   2605 |     32 |   1071 |   1034 |   2 | 1318.5 |
       Dungeon |   2637 |   2605 |     32 |   1071 |   1034 |   2 | 1318.5 |
               +--------+--------+--------+--------+--------+-----+--------+

Top non-repeatable levels by time:
     D:1: 1809 daAuts
     D:2: 828 daAuts
